 Dungeon Crawl Stone Soup version 0.16.2-12-gd0ad4c3 (webtiles) character file.

42 SlimeFever the Grave Robber (level 3, 0/19 HPs)
             Began as a Deep Elf Necromancer on Oct 5, 2015.
             Slain by a vampire bat (2 damage)
             ... on level 2 of the Dungeon.
             The game lasted 00:08:55 (835 turns).

SlimeFever the Grave Robber (Deep Elf Necromancer)   Turns: 835, Time: 00:08:56

Health: 0/19       AC:  3    Str:  5    XL:     3   Next: 35%
Magic:  11/11      EV: 13    Int: 20    God:
Gold:   65         SH:  0    Dex: 15    Spells: 3 memorised, 4 levels left

rFire  . . .     SeeInvis .     d - +0 whip
rCold  . . .     Clarity  .     a - +0 robe
rNeg   . . .     SustAb   .     (no shield)
rPois  .         Gourm    .     (no helmet)
rElec  .         Spirit   .     (no cloak)
rCorr  .         Warding  .     k - +0 pair of gloves
rMut   .         Stasis   .     (no boots)
MR     .....                    (no amulet)
Stlth  ++........               (no ring)
                                (no ring)

@: not resistant to hostile enchantments, unstealthy
A: no striking features
a: no special abilities


You were on level 2 of the Dungeon.
You were not hungry.

You visited 1 branch of the dungeon, and saw 2 of its levels.

You collected 65 gold pieces.

Inventory:

Hand weapons
 d - a +0 whip (weapon)
 g - a -1 short sword
 i - a +0 short sword
Missiles
 e - 6 stones (quivered)
 f - 32 arrows
Armour
 a - a +0 robe (worn)
 k - a +0 pair of gloves (worn)
Potions
 j - a potion of might {unknown}
 l - 2 potions of invisibility {unknown}
Books
 b - a book of Necromancy

   Spells                             Type                      Level
   a - Pain                           Necromancy                   1
   b - Animate Skeleton               Necromancy                   1
   c - Vampiric Draining              Necromancy                   3
   d - Regeneration                   Charms/Necromancy            3
   e - Animate Dead                   Necromancy                   4
   f - Control Undead                 Necromancy                   4
Comestibles
 c - a bread ration
 h - a beef jerky


   Skills:
 + Level 2.8 Dodging
 + Level 2.7 Stealth
 + Level 3.7 Spellcasting
 * Level 5.5 Necromancy


You had 4 spell levels left.
You knew the following spells:

 Your Spells              Type           Power        Failure   Level  Hunger
a - Pain                  Necr           ####         1%          1    None
b - Animate Skeleton      Necr           N/A          1%          1    None
c - Vampiric Draining     Necr           ####......   4%          3    ###....


Dungeon Overview and Level Annotations

Branches:
Dungeon (2/15)

Altars:
Kikubaaqudgha


Message History

The vampire bat closely misses you. The vampire bat barely misses you.
The vampire bat bites you.
* * * LOW HITPOINT WARNING * * *
The vampire bat draws strength from your injuries!
The vampire bat bites you but does no damage.
The vampire bat closely misses you. The vampire bat bites you.
* * * LOW HITPOINT WARNING * * *
The vampire bat misses you.
There is an open gate here.
The vampire bat bites you.
* * * LOW HITPOINT WARNING * * *
The vampire bat barely misses you.
The vampire bat bites you but does no damage. x2
You closely miss the vampire bat. The vampire bat closely misses you.
The vampire bat barely misses you. The vampire bat barely misses you.
The vampire bat closely misses you.
You closely miss the vampire bat. The vampire bat misses you.
You barely miss the vampire bat. The vampire bat bites you.
You die...

##.⌠.#.⌠.##
#.#.#.#.#.#
#..#.⌠.#..# #####
#.#.#.#.#.# ##...##
#.⌠.#.⌠.## ##8.<.8####
##.....## #.......#.#
### ##'''##
#.>.8...'.# #.###.b..#
#.......#.###..@b.####
##8.>.8##..##.#####
##...###..##.# #####
#...#.# #.#.#.#
#.#...# #.......#
#.#.##..# .#)#.#.#


You could see 2 vampire bats.

Vanquished Creatures
  An adder (D:2)
  2 giant geckos (D:1)
  2 bat skeletons (D:2)
  A bat zombie (D:2)
  7 goblins
  A hobgoblin (D:1)
  3 jackals (D:1)
  4 bats (D:1)
  A giant cockroach (D:1)
  4 giant newts (D:1)
  3 kobolds (D:1)
  A rat (D:1)
30 creatures vanquished.

Notes
Turn   | Place    | Note
--------------------------------------------------------------
     0 | D:1      | SlimeFever, the Deep Elf Necromancer, began the quest for the Orb.
     0 | D:1      | Reached XP level 1. HP: 10/10 MP: 5/5
     8 | D:1      | Noticed a centaur
    85 | D:1      | Reached skill level 5 in Necromancy
   177 | D:1      | Reached XP level 2. HP: 9/15 MP: 3/8
   663 | D:1      | Reached XP level 3. HP: 7/19 MP: 9/11
   668 | D:1      | Learned a level 1 spell: Animate Skeleton
   672 | D:1      | Learned a level 3 spell: Vampiric Draining
   821 | D:2      | Found an ancient bone altar of Kikubaaqudgha.
   835 | D:2      | Slain by a vampire bat

Action                   || total
-------------------------++-------
Melee: Short sword       ||    12
       Whip              ||    13
Throw: Stone             ||     9
 Cast: Pain              ||    34
  Use: Scroll            ||     1
